Map: Kairos Junction LE

Players

MaSa - Winner!

  • Race: Terran Terran
  • League: Master
  • Spawn Location: 5:00

Stats

  • Race: Protoss Protoss
  • Spawn Location: 11:00

Event: IEM Season 13 - Katowice Server Qualifiers America

VOD

Have the link to the VOD?

Description

Time

  • Played on: Jan. 6, 2019, 4:56 p.m.
  • Length: 15:20

All games in this series

Show
View Real Time Build Order
Export as new Build Order

MaSa Terran - Winner!

Build Orders: Liberator Opening 

Get SALT Encoding   

  12  0:00  SCV  
  13  0:12  SCV  
  14  0:18  Supply Depot  
  14  0:24  SCV  
  15  0:40  SCV  
  15  0:41  Barracks  
  16  0:46  Refinery  
  16  0:52  SCV  
  16  0:56  Refinery  
  18  1:04  SCV  
  18  1:16  SCV  
  19  1:29  Barracks Tech Lab, Orbital Command  
  19  1:48  Concussive Shells, Marauder, Supply Depot  
  21  1:55  SCV  
  22  2:06  Factory  
  22  2:11  SCV  
  23  2:17  Marauder  
  25  2:25  Bunker  
  25  2:29  SCV  
  26  2:39  Marauder  
  28  2:45  Supply Depot  
  28  2:58  Starport  
  28  3:03  SCV  
  29  3:11  Barracks Reactor  
  28  3:33  SCV  
  30  3:34  Cyclone  
  30  3:36  Medivac  
  32  3:45  SCV  
  32  3:47  Marine x2, Supply Depot  
  35  3:51  Liberator  
  35  3:57  SCV  
  36  4:05  Marine x2  
  36  4:08  Siege Tank  
  44  4:11  Supply Depot  
  43  4:22  SCV  
  44  4:25  Marine  
  44  4:26  Marine  
  46  4:32  Supply Depot  
  46  4:34  SCV  
  39  4:46  SCV  
  39  4:48  Marine x2  
  42  4:54  Siege Tank  
  42  4:58  SCV  
  45  5:00  Liberator  
  45  5:08  Marine x2  
  47  5:15  SCV  
  47  5:21  Barracks  
  51  5:26  Barracks  
  50  5:31  SCV  
  50  5:33  Marine x2, Siege Tank  
  55  5:39  Supply Depot  
  52  6:00  Marine x2  
  54  6:05  SCV, Siege Tank  
  54  6:08  Engineering Bay  
  58  6:17  SCV  
  58  6:35  Barracks Tech Lab  
  58  6:37  Siege Tank  
  59  6:44  Marine  
  56  6:50  SCV  
  52  6:59  Marine  
  52  7:00  Marine  
  53  7:02  Marine, SCV  
  55  7:11  Marine  
  55  7:14  SCV, Stimpack  
  55  7:17  Barracks  
  55  7:19  Marine, Command Center  
  57  7:23  Factory Tech Lab  
  57  7:26  SCV  
  57  7:28  Terran Infantry Weapons Level 1  
  57  7:29  Marine  
  56  7:38  Marine, SCV  
  58  7:47  Marine  
  58  7:50  SCV  
  53  7:56  Marine  
  51  8:00  Bunker  
  51  8:02  SCV  
  51  8:04  Marine  
  51  8:05  Factory Tech Lab, Supply Depot  
  53  8:06  Marine  
  53  8:11  Missile Turret  
  54  8:14  Marine, Supply Depot  
  54  8:15  SCV  
  54  8:18  Starport  
  56  8:27  SCV  
  56  8:31  Marine x3, Orbital Command  
  56  8:34  Mag-Field Accelerator, Cyclone  
  60  8:48  Marine  
  60  8:49  Marine x2  
  60  8:50  SCV  
  61  8:57  Medivac  
  61  8:59  SCV  
  61  9:02  Marine, SCV  
  66  9:04  Orbital Command  
  66  9:06  Marine  
  67  9:12  Cyclone  
  70  9:23  Marine x2  
  72  9:29  Marine  
  71  9:38  Marine  
  71  9:42  SCV  
  69  9:49  Cyclone  
  69  9:51  SCV  
  69  9:56  SCV  
  70  10:03  Marine  
  70  10:04  Marine  
  72  10:12  SCV  
  73  10:21  Marine  
  73  10:22  Marine  
  73  10:23  SCV  
  73  10:24  Cyclone  
  73  10:25  SCV  
  80  10:30  Marine x2  
  80  10:35  SCV  
  83  10:39  Marine x2  
  85  10:48  Marine x2  
  70  10:57  Marine x2  
  70  10:59  SCV x2  
  69  11:04  Siege Tank  
  69  11:06  Marine x2  
  73  11:15  Marine x2  
  71  11:19  SCV x2  
  71  11:23  Marine  
  71  11:24  Marauder  
  72  11:31  SCV x2  
  72  11:33  Marine x2  
  72  11:36  Siege Tank  
  72  11:38  Combat Shield  
  77  11:43  SCV  
  77  11:45  Marauder  
  77  11:46  Marine  
  81  11:50  Marine  
  81  11:52  Marine  
  83  11:55  Terran Infantry Armor Level 1  
  83  12:02  Orbital Command  
  83  12:03  Refinery  
  83  12:04  Marine, Refinery  
  83  12:07  Marauder  
  83  12:08  Medivac  
  88  12:10  SCV  
  88  12:13  Marine  
  90  12:17  Marine  
  90  12:22  SCV  
  89  12:30  Marine  
  89  12:31  Marauder  
  89  12:34  Marine, SCV  
  94  12:44  Supply Depot  
  94  12:48  Liberator  
  94  12:51  Marine, Bunker  
  94  12:55  SCV  
  99  13:06  Marauder  
  93  13:13  Marine x3  
  79  13:27  Marauder  
  79  13:30  SCV  
  79  13:31  Liberator  
  79  13:32  Marine x2  
  79  13:33  Marine, Siege Tank  
  85  13:42  Supply Depot  
  85  13:43  SCV  
  85  13:44  Refinery, Supply Depot  
  85  13:45  Refinery  
  91  13:48  Marauder  
  91  13:50  Marine  
  90  13:58  Marine  
  90  14:00  Marine, SCV  
  81  14:05  SCV  
  81  14:08  Marine  
  80  14:10  Marauder  
  80  14:16  Marine  
  74  14:20  SCV  
  74  14:22  SCV, Supply Depot  
  74  14:23  Barracks  
  75  14:26  Marine  
  75  14:31  Marauder, Medivac  
  76  14:33  SCV  
  76  14:34  Marine  
  76  14:35  Barracks Tech Lab  
  74  14:38  SCV  
  74  14:44  Marine  
  73  14:45  SCV  
  73  14:50  SCV  
  73  14:52  Marine, Marauder  
  75  14:55  Marauder  
  75  14:58  SCV  
  76  15:01  Marine  
  76  15:04  SCV  
  77  15:08  Command Center  
Show
View Real Time Build Order
Export as new Build Order

Stats Protoss 

Build Orders:  

Get SALT Encoding   

  12  0:00  Probe  
  13  0:13  Probe  
  14  0:17  Pylon  
  14  0:24  Probe  
  15  0:32  Probe  
  15  0:37  Gateway  
  15  0:40  Probe  
  16  0:46  Assimilator  
  17  0:51  Probe  
  18  1:03  Probe  
  19  1:15  Probe  
  20  1:20  Pylon  
  20  1:24  Cybernetics Core, Zealot  
  22  1:27  Probe  
  23  1:50  Probe  
  23  1:51  Adept  
  24  1:55  Nexus  
  26  2:01  Warp Gate  
  26  2:06  Assimilator  
  26  2:10  Probe  
  27  2:16  Stalker  
  29  2:25  Probe  
  30  2:34  Pylon  
  30  2:40  Stalker  
  30  2:45  Robotics Facility  
  30  2:56  Shield Battery  
  30  3:04  Stalker  
  28  3:28  Immortal  
  26  3:46  Probe  
  26  3:50  Probe  
  27  3:58  Probe  
  27  4:02  Probe  
  29  4:04  Sentry  
  32  4:10  Observer  
  32  4:14  Probe  
  33  4:18  Probe  
  33  4:20  Immortal  
  32  4:47  Stalker  
  32  4:50  Immortal  
  34  4:54  Gateway  
  38  5:11  Stalker  
  39  5:22  Pylon  
  39  5:23  Pylon  
  39  5:31  Warp Prism  
  35  5:57  Stalker x2  
  35  6:02  Immortal  
  43  6:25  Stalker x2  
  45  6:35  Pylon  
  45  6:49  Stalker  
  45  6:52  Observer  
  47  7:00  Stalker  
  43  7:03  Shield Battery  
  47  7:19  Stalker  
  49  7:27  Stalker  
  47  7:30  Gateway  
  47  7:32  Robotics Facility  
  47  7:37  Observer  
  47  7:42  Gateway  
  47  8:09  Probe  
  47  8:11  Nexus  
  48  8:21  Probe  
  49  8:33  Probe  
  50  8:38  Robotics Bay, Pylon  
  50  8:45  Probe  
  51  8:58  Probe  
  52  9:04  Sentry x2  
  55  9:10  Forge  
  55  9:11  Observer  
  55  9:12  Probe  
  56  9:20  Colossus  
  59  9:54  Protoss Ground Weapons Level 1  
  59  9:55  Pylon  
  59  9:57  Extended Thermal Lance  
  59  10:02  Colossus, Assimilator  
  59  10:04  Assimilator  
  57  10:07  Stalker x2  
  61  10:29  Gateway  
  61  10:31  Gateway, Probe x2  
  63  10:39  Stalker  
  63  10:41  Sentry  
  47  11:06  Stalker x2  
  50  11:15  Colossus  
  36  11:31  Stalker x2, Protoss Ground Armor Level 1  
  44  11:33  Zealot  
  44  11:34  Stalker  
  48  11:51  Probe x2  
  48  11:52  Colossus  
  50  12:06  Zealot x2  
  54  12:08  Zealot  
  54  12:12  Probe x2  
  64  12:16  Sentry  
  66  12:32  Pylon  
  66  12:34  Pylon  
  66  12:35  Sentry x2  
  70  12:37  Stalker  
  72  12:49  Colossus  
  72  12:58  Shield Battery  
  72  13:00  Shield Battery  
  77  13:06  Zealot  
  77  13:07  Zealot  
  65  13:36  Stalker x4  
  65  13:41  Colossus, Stalker x4  
  57  14:14  Stalker  
  57  14:15  Stalker x3  
  51  14:40  Stalker x4  
  35  15:03  Stalker x2  
  35  15:04  Stalker x2  

Tags
 
Add a new tag
Caveats
  • Supply blocks, unpowered buildings, or Contaminate may cause inaccurate times.
  • Supply counts are checked every 10 seconds.